AoeStats
← Obuk

Arena

509462419Analyzed
3v3 RM · 6d ago on Sep 26, 2026· 33m 12s· 6 players
Game mode
Random Map
Map size
Normal (6 player)
Population
200
Speed
Normal
Resources
Standard
Victory
Conquest
Starting age
Dark Age
Ending age
Imperial Age
RankedLock teamsTeams togetherTeam positionsShared explorationLock speedFull tech treeHidden civsTurbo modeCheats
Victory
Defeat
🇦🇹 Slavs · Austria
1687
+13
🇩🇪 Tatars · Germany
1645
+14
🇩🇪 Jurchens · Germany
1639
+15
🇬🇧 Vietnamese · United Kingdom
1669
-16
🇺🇸 Persians · United States
1605
-14
🇳🇴 Magyars · Norway
1562
-12
Arzach
10:25 Feudal Age
14:16 Castle Age
12:34 Double-Bit Axe
15:06 Bow Saw
15:50 Horse Collar
16:34 Heavy Plow
21:48 Wheelbarrow
23:16 Hand Cart
23:34 Loom
24:24 Stone Mining
28:18 Imperial Age
25:56 Scale Barding Armor
26:24 Bloodlines
26:14 Husbandry
26:42 Town Watch
28:23 Cavalier
30:12 Chain Barding Armor
30:11 Paladin
30:59 Man-at-Arms
32:01 Long Swordsman
33:30 Scale Mail Armor
32:52 Two-Handed Swordsman
WBM91
10:14 Feudal Age
14:25 Castle Age
12:26 Double-Bit Axe
13:27 Horse Collar
15:24 Bow Saw
15:17 Heavy Plow
16:17 Wheelbarrow
19:46 Gold Mining
20:49 Loom
21:20 Hand Cart
22:24 Stone Mining
24:11 Fletching
27:32 Imperial Age
25:20 Bodkin Arrow
29:24 Chemistry
28:26 Bracer
29:58 Padded Archer Armor
30:36 Ballistics
32:48 Leather Archer Armor
33:37 Two-Man Saw
32:49 Masonry
32:50 Careening
TrCL.Gyeseongyeon
11:30 Feudal Age
12:29 Horse Collar
14:58 Castle Age
12:47 Double-Bit Axe
15:51 Bow Saw
16:17 Heavy Plow
17:51 Wheelbarrow
19:32 Loom
23:49 Pikeman
24:30 Squires
25:19 Scale Mail Armor
26:36 Chain Mail Armor
33:22 Imperial Age
Obuk
10:08 Feudal Age
11:18 Double-Bit Axe
14:01 Castle Age
11:42 Horse Collar
14:50 Heavy Plow
15:22 Bow Saw
18:08 Loom
18:34 Loom
19:11 Gold Mining
21:17 Gold Shaft Mining
21:39 Wheelbarrow
22:51 Scale Mail Armor
22:48 Stone Mining
23:47 Siege Engineers
23:45 Town Watch
25:13 Squires
25:29 Chain Mail Armor
27:39 Arson
27:49 Pikeman
33:14 Imperial Age
31:01 Hand Cart
30:58 Forging
31:12 Treadmill Crane
31:53 Ballistics
31:24 Fletching
32:33 Masonry
32:20 Bodkin Arrow
33:16 Padded Archer Armor
32:37 Elite Skirmisher
33:31 Fortified Bastions
number5
12:33 Feudal Age
12:56 Loom
16:36 Castle Age
15:00 Double-Bit Axe
21:30 Imperial Age
19:34 Gold Mining
22:58 Fletching
24:54 Ballistics
26:51 Timurid Siegecraft
27:37 Bodkin Arrow
30:51 Horse Collar
31:38 Scale Barding Armor
MacesB
10:55 Feudal Age
14:34 Castle Age
12:33 Horse Collar
12:57 Double-Bit Axe
15:23 Heavy Plow
20:51 Wheelbarrow
21:46 Bow Saw
21:37 Loom
21:38 Town Watch
22:36 Hand Cart
22:16 Gold Mining
24:06 Gold Shaft Mining
28:06 Imperial Age
25:42 Scale Barding Armor
25:40 Scale Mail Armor
25:50 Forging
26:41 Chain Mail Armor
25:47 Man-at-Arms
27:08 Ballistics
26:21 Pikeman
26:35 Long Swordsman
27:16 Squires
28:04 Iron Casting
28:18 Capped Ram
28:21 Two-Handed Swordsman
29:32 Plate Mail Armor
28:46 Halberdier
31:08 Chemistry
31:14 Champion
Connection lost

Rejoining the realm…

Still unreachable

The connection could not be restored.

Session expired

The server has moved on; the page needs a fresh start.